Blackhawks vs Predators

Created - 30 janvier 2018 at 15:55

Goals
1 2 3 T
Blackhawks 0 1 0 1
Predators 0 1 2 3
Shots
1 2 3 T
Blackhawks 6 15 5 26
Predators 7 8 11 26

1st period

No Goal

Penalties :
Tuomo Ruutu (NSH) for Hooking (Minor) at 2:27, Derek Roy (NSH) for Tripping (Minor) at 18:25

2nd period

1. Blackhawks , John Carlson 4 (Victor Hedman 19, Martin Havlat 19) at 6:59 (PP)
2. Predators , Brenden Dillon 6 (R.J. Umberger 13) at 10:54 (SH)

Penalties :
Johnny Boychuck (NSH) for Cross-checking (Minor) at 0:38, Ladislav Smid (NSH) for Charging (Minor) at 5:23, Slava Voynov (NSH) for Goalie Interference (Minor) at 9:21, Tuomo Ruutu (NSH) for Tripping (Minor) at 15:38, Brett Skinner (CHI) for High sticking (Minor) at 19:35

3rd period

3. Predators , Tyler Bozak 13 (Kyle Okposo 25, Johnny Boychuck 7) at 3:23
4. Predators , Ondrej Palat 15 (Ladislav Smid 14, Tyler Bozak 18) at 16:22

Penalties :
No Penalty

Goalie Stats

Cory Schneider (CHI), 23 saves from 26 shots - (0,885), L, 6-8-1, 60:00 minutes
Cam Ward (NSH), 25 saves from 26 shots - (0,962), W, 19-12-6, 60:00 minutes

Players Stats for Blackhawks

Player Name              G  A  P  +/- PIM S  H  SB GA TA FO     MP     PP MP  PK MP  
------------------------------------------------------------------------------------
Brett Skinner            0  0  0  -2  2   0  1  0  0  0  0/0    20:32   5:10   0:00 
Bryan Little             0  0  0   0  0   0  2  0  0  0  9/23   20:36   5:53   0:20 
David Rundblad           0  0  0   0  0   0  0  0  0  0  0/0     1:16   0:00   0:00 
Derek Forbort            0  0  0  -1  0   0  0  2  0  0  0/0    15:49   0:00   0:26 
Jamie Benn               0  0  0   0  0   2  2  1  0  0  0/0    15:14   0:00   0:00 
Jamie Devane             0  0  0   0  0   0  0  0  0  0  0/2     0:57   0:00   0:00 
John Carlson             1  0  1  -1  0   2  0  0  0  0  0/0    20:13   6:21   0:00 
Justin Faulk             0  0  0  -1  0   0  6  1  0  0  0/0    14:33   0:00   0:41 
Martin Havlat            0  1  1   0  0   3  0  0  0  0  0/2    21:43   6:09   0:20 
Mika Zibanejad           0  0  0   0  0   1  4  0  0  0  1/1    16:04   0:00   0:00 
Nikolaj Ehlers           0  0  0  -2  0   3  1  0  0  0  2/2    21:58   6:09   0:00 
Ryan Bourque             0  0  0   0  0   0  0  0  0  0  0/0     0:00   0:00   0:00 
Ryan Nugent-Hopkins      0  0  0   0  0   1  0  0  0  0  13/22  15:14   0:00   0:00 
Shea Weber               0  0  0  -1  0   0  2  0  0  0  0/0    23:43   5:10   1:18 
Steven Stamkos           0  0  0  -3  0   2  2  1  0  0  13/22  23:33   5:38   1:39 
Taylor Hall              0  0  0  -3  0   9  0  0  0  0  4/8    22:13   5:22   1:39 
Tyler Johnson            0  0  0  -1  0   2  0  0  0  0  4/8    20:29   5:22   0:00 
Victor Hedman            0  1  1   0  0   1  1  3  0  0  0/0    23:53   6:21   1:33 

Players Stats for Predators

Player Name              G  A  P  +/- PIM S  H  SB GA TA FO     MP     PP MP  PK MP  
------------------------------------------------------------------------------------
Boyd Gordon              0  0  0   1  0   0  0  0  0  0  8/13   13:11   0:00   5:54 
Brandon Dubinsky         0  0  0   0  0   2  3  0  0  0  7/16   14:46   0:48   0:40 
Brenden Dillon           1  0  1   1  0   3  5  0  0  0  0/0    22:02   0:48   6:43 
Danny Dekeyser           0  0  0   0  0   0  0  0  0  0  0/0    18:43   1:11   0:00 
Derek Roy                0  0  0   0  2   1  5  0  0  0  15/29  16:56   0:48   4:08 
Johnny Boychuck          0  1  1   1  2   1  4  2  0  0  0/0    20:45   0:00   4:35 
Kevan Miller             0  0  0   1  0   1  0  3  0  0  0/0    19:47   1:11   5:49 
Kyle Okposo              0  1  1   2  0   3  0  0  0  0  1/1    15:05   1:11   0:00 
Ladislav Smid            0  1  1   2  2   0  0  0  0  0  0/0    18:41   0:00   5:55 
Lauri Korpikoski         0  0  0   0  0   0  0  0  0  0  0/0     7:17   0:00   0:00 
Ondrej Palat             1  0  1   2  0   3  4  0  0  0  0/0    15:05   1:11   0:00 
Patrick Eaves            0  0  0   0  0   1  0  0  0  0  1/2    12:01   0:00   0:00 
Paul Byron               0  0  0   0  0   0  1  0  0  0  0/1    12:54   0:00   5:37 
R.J. Umberger            0  1  1   1  0   2  3  0  0  0  1/2    17:15   0:00   5:14 
Ryan Callahan            0  0  0   0  0   1  0  0  0  0  2/3    15:35   0:48   1:29 
Slava Voynov             0  0  0   1  2   0  3  1  0  0  0/0    19:59   0:48   0:00 
Tuomo Ruutu              0  0  0   0  4   3  3  0  0  0  0/0    13:16   0:00   0:00 
Tyler Bozak              1  1  2   2  0   5  0  0  0  0  9/23   15:05   1:11   0:00 

3 Stars

1 - Tyler Bozak (NSH)
2 - Ondrej Palat (NSH)
3 - Brenden Dillon (NSH)

Power Play

Blackhawks - 1 on 6 Attempt(s) - 16,67%
Predators - 0 on 1 Attempt(s) - 0,00%

Penalty Kill

Blackhawks - 1 on 1 Attempt(s) - 100,00% - Score 0 goal in Penalty Kill
Predators - 5 on 6 Attempt(s) - 83,33% - Score 1 goal in Penalty Kill

Team Stat

Blackhawks - Hits : 21 - Faceoff Wins : 46 - Blocked Shots : 8 - Penalty Minutes : 2
Predators - Hits : 31 - Faceoff Wins : 44 - Blocked Shots : 6 - Penalty Minutes : 12

Official

Referees : Justin StPierre and Peter MacDougall
Linesman : Brian Lambert and Francis Trempe

Game Notes

No Game Note

Finance

Level 1 -- Attendance: 3600 (60,00%) -- Ticket Income 792 000 $
Level 2 -- Attendance: 3000 (60,00%) -- Ticket Income 375 000 $
Level 3 -- Attendance: 1200 (60,00%) -- Ticket Income 96 000 $
Level 4 -- Attendance: 2400 (60,00%) -- Ticket Income 144 000 $
Luxury Box -- Attendance: 1000 (100,00%) -- Ticket Income 350 000 $
Game was played at the Gaylord Entertainment Center.
Total Attendance: 11200 (62,22%)
Total Ticket Income: 1 757 000 $
Other Income: 860 930 $
Total Income: 2 617 930 $

Blackhawks

5 vs 5 Forward 
   Center                   Left Wing                Right Wing               Time % Phy DF OF 
 1 Steven Stamkos           Taylor Hall              Nikolaj Ehlers           33     0   2  3  
 2 Bryan Little             Tyler Johnson            Mika Zibanejad           33     0   2  3  
 3 Ryan Nugent-Hopkins      Jamie Benn               Martin Havlat            33     0   3  2  
 4 Jamie Devane             Nikolaj Ehlers           Mika Zibanejad           1      0   3  2  

5 vs 5 Defense 
   Defense                  Defense                                           Time % Phy DF OF 
 1 Shea Weber               Victor Hedman                                     35     0   3  2  
 2 Brett Skinner            Derek Forbort                                     35     0   3  2  
 3 Justin Faulk             John Carlson                                      30     0   3  2  
 4 Shea Weber               David Rundblad                                    0      0   3  2  

PowerPlay Forward 
   Center                   Left Wing                Right Wing               Time % Phy DF OF 
 1 Bryan Little             Nikolaj Ehlers           Martin Havlat            50     0   0  5  
 2 Tyler Johnson            Taylor Hall              Steven Stamkos           50     0   0  5  

PowerPlay Defense
   Defense                  Defense                                           Time % Phy DF OF 
 1 Shea Weber               Brett Skinner                                     50     0   1  4  
 2 Victor Hedman            John Carlson                                      50     0   1  4  

Penalty Kill 4 Players Forward 
   Center                   Wing                     Time % Phy DF OF 
 1 Taylor Hall              Steven Stamkos           60     0   3  2  
 2 Martin Havlat            Bryan Little             40     0   3  2  

Penalty Kill 4 Players Defense
   Defense                  Defense                  Time % Phy DF OF 
 1 Shea Weber               Brett Skinner            60     0   3  2  
 2 Victor Hedman            Justin Faulk             40     0   3  2  

Penalty Kill - 3 Players Forward 
   Forward                                           Time % Phy DF OF 
 1 Steven Stamkos                                    60     0   3  2  
 2 Bryan Little                                      40     0   3  2  

Penalty Kill - 3 Players Defense
   Defense                  Defense                  Time % Phy DF OF 
 1 Shea Weber               Justin Faulk             60     0   3  2  
 2 Victor Hedman            Brett Skinner            40     0   3  2  

4 vs 4 Forward 
   Center                   Wing                     Time % Phy DF OF 
 1 Steven Stamkos           Martin Havlat            60     0   3  2  
 2 Tyler Johnson            Bryan Little             40     0   3  2  

4 vs 4 Defense
   Defense                  Defense                  Time % Phy DF OF 
 1 Shea Weber               Justin Faulk             60     0   2  3  
 2 Victor Hedman            Brett Skinner            40     0   2  3  

Last Minutes Offensive
   Center                   Left Wing                Right Wing               Defense                  Defense                  
   Steven Stamkos           Tyler Johnson            Martin Havlat            Shea Weber               Brett Skinner            

Last Minutes Defensive
   Center                   Left Wing                Right Wing               Defense                  Defense                  
   Steven Stamkos           Tyler Johnson            Martin Havlat            Shea Weber               Brett Skinner            

Goaltenders
Starting : Cory Schneider           
Backup : Nolan Schaefer           

Extra Forwards
Normal : Martin Havlat, Bryan Little, Steven Stamkos - PP : Steven Stamkos, Bryan Little - PK : Steven Stamkos
Extra Defensemen
Normal : Brett Skinner, Shea Weber, Victor Hedman - PP : Shea Weber - PK : Shea Weber, Victor Hedman
Penalty Shots
Steven Stamkos, Nikolaj Ehlers, Martin Havlat, Bryan Little, Taylor Hall
Custom OT Lines Forwards
Steven Stamkos, Tyler Johnson, Martin Havlat, Bryan Little, Taylor Hall, Jamie Benn, Mika Zibanejad, Nikolaj Ehlers, Ryan Nugent-Hopkins, Jamie Devane
Custom OT Lines Defensemen
Shea Weber, Derek Forbort, Victor Hedman, Brett Skinner, David Rundblad

Scratches
None

Predators

5 vs 5 Forward 
   Center                   Left Wing                Right Wing               Time % Phy DF OF 
 1 Tyler Bozak              Ondrej Palat             Kyle Okposo              29     1   1  3  
 2 Brandon Dubinsky         Ryan Callahan            Tuomo Ruutu              28     0   2  3  
 3 Derek Roy                R.J. Umberger            Patrick Eaves            26     0   3  2  
 4 Boyd Gordon              Paul Byron               Lauri Korpikoski         17     1   3  1  

5 vs 5 Defense 
   Defense                  Defense                                           Time % Phy DF OF 
 1 Slava Voynov             Johnny Boychuck                                   37     1   3  1  
 2 Danny Dekeyser           Brenden Dillon                                    35     1   3  1  
 3 Ladislav Smid            Kevan Miller                                      28     0   3  2  
 4 Slava Voynov             Danny Dekeyser                                    0      0   4  1  

PowerPlay Forward 
   Center                   Left Wing                Right Wing               Time % Phy DF OF 
 1 Tyler Bozak              Ondrej Palat             Kyle Okposo              50     0   0  5  
 2 Derek Roy                Brandon Dubinsky         Ryan Callahan            50     0   0  5  

PowerPlay Defense
   Defense                  Defense                                           Time % Phy DF OF 
 1 Slava Voynov             Brenden Dillon                                    50     0   0  5  
 2 Danny Dekeyser           Kevan Miller                                      50     0   0  5  

Penalty Kill 4 Players Forward 
   Center                   Wing                     Time % Phy DF OF 
 1 Derek Roy                Paul Byron               50     0   4  1  
 2 Boyd Gordon              R.J. Umberger            50     0   4  1  

Penalty Kill 4 Players Defense
   Defense                  Defense                  Time % Phy DF OF 
 1 Johnny Boychuck          Kevan Miller             50     0   5  0  
 2 Ladislav Smid            Brenden Dillon           50     0   5  0  

Penalty Kill - 3 Players Forward 
   Forward                                           Time % Phy DF OF 
 1 Derek Roy                                         50     0   5  0  
 2 Boyd Gordon                                       50     0   5  0  

Penalty Kill - 3 Players Defense
   Defense                  Defense                  Time % Phy DF OF 
 1 Johnny Boychuck          Kevan Miller             50     0   5  0  
 2 Ladislav Smid            Danny Dekeyser           50     0   5  0  

4 vs 4 Forward 
   Center                   Wing                     Time % Phy DF OF 
 1 Brandon Dubinsky         Ryan Callahan            50     0   2  3  
 2 Tyler Bozak              Ondrej Palat             50     0   2  3  

4 vs 4 Defense
   Defense                  Defense                  Time % Phy DF OF 
 1 Slava Voynov             Brenden Dillon           50     0   2  3  
 2 Ladislav Smid            Danny Dekeyser           50     0   2  3  

Last Minutes Offensive
   Center                   Left Wing                Right Wing               Defense                  Defense                  
   Tyler Bozak              Ondrej Palat             Kyle Okposo              Slava Voynov             Brenden Dillon           

Last Minutes Defensive
   Center                   Left Wing                Right Wing               Defense                  Defense                  
   Derek Roy                R.J. Umberger            Ryan Callahan            Ladislav Smid            Johnny Boychuck          

Goaltenders
Starting : Cam Ward                 
Backup : Peter Budaj              

Extra Forwards
Normal : Brandon Dubinsky, Derek Roy, Tyler Bozak - PP : Brandon Dubinsky, Tyler Bozak - PK : Ryan Callahan
Extra Defensemen
Normal : Brenden Dillon, Slava Voynov, Danny Dekeyser - PP : Ladislav Smid - PK : Ladislav Smid, Johnny Boychuck
Penalty Shots
Tuomo Ruutu, Ryan Callahan, Kyle Okposo, Tyler Bozak, Derek Roy
Custom OT Lines Forwards
Brandon Dubinsky, Ryan Callahan, Tyler Bozak, Ondrej Palat, Derek Roy, Tuomo Ruutu, R.J. Umberger, Kyle Okposo, Boyd Gordon, Paul Byron
Custom OT Lines Defensemen
Slava Voynov, Ladislav Smid, Brenden Dillon, Danny Dekeyser, Johnny Boychuck

Scratches
None


% Time on Ice - Blackhawks

Lines # - Real PCT - Wanted PCT - Time Play
Normal Forward
1 - 33% - 33% - 15:12
2 - 33% - 33% - 15:07
3 - 33% - 33% - 15:14
4 - 2% - 1% - 0:57
Normal Defense
1 - 34% - 35% - 15:59
2 - 33% - 35% - 15:23
3 - 30% - 30% - 13:52
4 - 3% - 0% - 1:16
PP Forward
1 - 53% - 50% - 6:09
2 - 47% - 50% - 5:22
PP Defense
1 - 45% - 50% - 5:10
2 - 55% - 50% - 6:21
PK Forward
1 - 83% - 60% - 1:39
2 - 17% - 40% - 0:20
PK Defense
1 - 80% - 60% - 1:35
2 - 20% - 40% - 0:24
PK3 Forward
1 - 0% - 60%
2 - 0% - 40%
PK3 Defense
1 - 0% - 60%
2 - 0% - 40%
44 Forward
1 - 0% - 60%
2 - 0% - 40%
44 Defense
1 - 0% - 60%
2 - 0% - 40%
Last Minute Offensive  - 0:00
Last Minute Defensive  - 0:00
Total
Forward - 60:00
Defense - 60:00

% Time on Ice - Predators

Lines # - Real PCT - Wanted PCT - Time Play
Normal Forward
1 - 30% - 29% - 13:54
2 - 29% - 28% - 13:18
3 - 26% - 26% - 12:01
4 - 16% - 17% - 7:17
Normal Defense
1 - 35% - 37% - 16:11
2 - 31% - 35% - 14:31
3 - 27% - 28% - 12:47
4 - 6% - 0% - 3:01
PP Forward
1 - 60% - 50% - 1:11
2 - 40% - 50% - 0:48
PP Defense
1 - 40% - 50% - 0:48
2 - 60% - 50% - 1:11
PK Forward
1 - 49% - 50% - 5:37
2 - 51% - 50% - 5:54
PK Defense
1 - 47% - 50% - 5:27
2 - 53% - 50% - 6:04
PK3 Forward
1 - 0% - 50%
2 - 0% - 50%
PK3 Defense
1 - 0% - 50%
2 - 0% - 50%
44 Forward
1 - 0% - 50%
2 - 0% - 50%
44 Defense
1 - 0% - 50%
2 - 0% - 50%
Last Minute Offensive  - 0:00
Last Minute Defensive  - 0:00
Total
Forward - 60:00
Defense - 60:00

Play by Play

1st period


0:01 of 1st period - Steven Stamkos wins face-off versus Tyler Bozak in neutral zone.
0:15 of 1st period - Shot by Tyler Bozak.
0:15 of 1st period - Shot Misses the Net.
0:27 of 1st period - Shot by Steven Stamkos.
0:27 of 1st period - Shot Blocked by Johnny Boychuck.
0:45 of 1st period - Shot by Taylor Hall.
0:45 of 1st period - Shot Misses the Net.
1:17 of 1st period - Shot by Brandon Dubinsky.
1:17 of 1st period - Stopped by Cory Schneider without a rebound.
1:18 of 1st period - Derek Roy wins face-off versus Ryan Nugent-Hopkins in Blackhawks zone.
2:16 of 1st period - Icing by Jamie Benn.
2:17 of 1st period - Brandon Dubinsky wins face-off versus Ryan Nugent-Hopkins in Blackhawks zone.
2:23 of 1st period - Ryan Callahan is hit by Justin Faulk and loses puck.
2:27 of 1st period - Minor Penalty to Tuomo Ruutu for Hooking.
2:28 of 1st period - Boyd Gordon wins face-off versus Tyler Johnson in Predators zone.
2:56 of 1st period - Icing by Steven Stamkos.
2:57 of 1st period - Boyd Gordon wins face-off versus Tyler Johnson in Blackhawks zone.
3:05 of 1st period - Icing by Tyler Johnson.
3:06 of 1st period - Tyler Johnson wins face-off versus Boyd Gordon in Blackhawks zone.
4:46 of 1st period - Shot by Tuomo Ruutu.
4:46 of 1st period - Stopped by Cory Schneider without a rebound.
4:47 of 1st period - Ryan Nugent-Hopkins wins face-off versus Tyler Bozak in Blackhawks zone.
4:58 of 1st period - Shot by Ryan Nugent-Hopkins.
4:58 of 1st period - Stopped by Cam Ward without a rebound.
4:59 of 1st period - Bryan Little wins face-off versus Brandon Dubinsky in Predators zone.
5:39 of 1st period - Icing by Tuomo Ruutu.
5:40 of 1st period - Steven Stamkos wins face-off versus Brandon Dubinsky in Predators zone.
5:45 of 1st period - Shot by Nikolaj Ehlers.
5:45 of 1st period - Stopped by Cam Ward without a rebound.
5:46 of 1st period - Steven Stamkos wins face-off versus Boyd Gordon in Predators zone.
6:27 of 1st period - Icing by Brett Skinner.
6:28 of 1st period - Patrick Eaves wins face-off versus Steven Stamkos in Blackhawks zone.
6:42 of 1st period - Shot by R.J. Umberger.
6:42 of 1st period - Shot Misses the Net.
6:44 of 1st period - Shot by Kevan Miller.
6:44 of 1st period - Shot Blocked by Steven Stamkos.
6:49 of 1st period - Icing by Taylor Hall.
6:50 of 1st period - Steven Stamkos wins face-off versus Tyler Bozak in Blackhawks zone.
7:33 of 1st period - Icing by Danny Dekeyser.
7:34 of 1st period - Tyler Bozak wins face-off versus Bryan Little in Predators zone.
7:45 of 1st period - Shot by Kyle Okposo.
7:45 of 1st period - Stopped by Cory Schneider without a rebound.
7:46 of 1st period - Derek Roy wins face-off versus Ryan Nugent-Hopkins in Blackhawks zone.
7:52 of 1st period - Icing by Jamie Benn.
7:53 of 1st period - Ryan Nugent-Hopkins wins face-off versus Derek Roy in Blackhawks zone.
7:53 of 1st period - Ryan Nugent-Hopkins is hit by Derek Roy.
8:01 of 1st period - Shot by Shea Weber.
8:01 of 1st period - Deflect By Jamie Benn.
8:01 of 1st period - Shot Misses the Net.
8:14 of 1st period - Jamie Benn is hit by Slava Voynov and loses puck.
8:37 of 1st period - Jamie Benn is hit by Johnny Boychuck and loses puck.
9:16 of 1st period - Shot by Tyler Johnson.
9:16 of 1st period - Stopped by Cam Ward with a rebound.
9:24 of 1st period - Shot by Tuomo Ruutu.
9:24 of 1st period - Stopped by Cory Schneider without a rebound.
9:25 of 1st period - Boyd Gordon wins face-off versus Steven Stamkos in Blackhawks zone.
9:28 of 1st period - Shot by Paul Byron.
9:28 of 1st period - Shot Blocked by Derek Forbort.
9:48 of 1st period - Shot by Steven Stamkos.
9:48 of 1st period - Shot Misses the Net.
10:25 of 1st period - Kyle Okposo is hit by Shea Weber and loses puck.
11:15 of 1st period - Shot by Brandon Dubinsky.
11:15 of 1st period - Shot Misses the Net.
11:17 of 1st period - Shot by Johnny Boychuck.
11:17 of 1st period - Stopped by Cory Schneider without a rebound.
11:18 of 1st period - Derek Roy wins face-off versus Bryan Little in Blackhawks zone.
11:41 of 1st period - Shot by Mika Zibanejad.
11:41 of 1st period - Shot Misses the Net.
11:53 of 1st period - Shot by Tyler Johnson.
11:53 of 1st period - Stopped by Cam Ward without a rebound.
11:54 of 1st period - Brandon Dubinsky wins face-off versus Steven Stamkos in Predators zone.
12:33 of 1st period - Taylor Hall is hit by Brenden Dillon and loses puck.
12:47 of 1st period - Brenden Dillon is hit by Jamie Benn and loses puck.
13:55 of 1st period - Icing by Johnny Boychuck.
13:56 of 1st period - Steven Stamkos wins face-off versus Tyler Bozak in Predators zone.
14:10 of 1st period - Kyle Okposo is hit by Brett Skinner and loses puck.
15:10 of 1st period - Shot by Patrick Eaves.
15:10 of 1st period - Stopped by Cory Schneider without a rebound.
15:11 of 1st period - Boyd Gordon wins face-off versus Ryan Nugent-Hopkins in Blackhawks zone.
15:14 of 1st period - Shot by Paul Byron.
15:14 of 1st period - Shot Blocked by Jamie Benn.
15:38 of 1st period - Shot by Martin Havlat.
15:38 of 1st period - Shot Misses the Net.
15:44 of 1st period - Shot by Martin Havlat.
15:44 of 1st period - Stopped by Cam Ward with a rebound.
15:46 of 1st period - Shot by Martin Havlat.
15:46 of 1st period - Shot Blocked by Kevan Miller.
16:03 of 1st period - Icing by Ladislav Smid.
16:04 of 1st period - Bryan Little wins face-off versus Boyd Gordon in Predators zone.
16:56 of 1st period - Icing by Lauri Korpikoski.
16:57 of 1st period - Boyd Gordon wins face-off versus Steven Stamkos in Predators zone.
17:08 of 1st period - Shot by Steven Stamkos.
17:08 of 1st period - Shot Blocked by Kevan Miller.
17:10 of 1st period - Shot by Taylor Hall.
17:10 of 1st period - Stopped by Cam Ward without a rebound.
17:11 of 1st period - R.J. Umberger wins face-off versus Ryan Nugent-Hopkins in Predators zone.
17:32 of 1st period - Off-side.
17:33 of 1st period - Steven Stamkos wins face-off versus Tyler Bozak in neutral zone.
17:39 of 1st period - Icing by Brenden Dillon.
17:40 of 1st period - Bryan Little wins face-off versus Tyler Bozak in Predators zone.
17:40 of 1st period - Shea Weber is hit by Brenden Dillon and loses puck.
17:44 of 1st period - Mika Zibanejad is hit by Brenden Dillon and loses puck.
18:02 of 1st period - Icing by Danny Dekeyser.
18:03 of 1st period - Ryan Nugent-Hopkins wins face-off versus Tyler Bozak in Predators zone.
18:07 of 1st period - Martin Havlat is hit by Brenden Dillon.
18:13 of 1st period - Shot by Tyler Bozak.
18:13 of 1st period - Stopped by Cory Schneider without a rebound.
18:14 of 1st period - Mika Zibanejad wins face-off versus Derek Roy in Blackhawks zone.
18:14 of 1st period - Mika Zibanejad is hit by Derek Roy.
18:25 of 1st period - Minor Penalty to Derek Roy for Tripping.
18:26 of 1st period - Ryan Callahan wins face-off versus Bryan Little in Predators zone.
18:49 of 1st period - Shot by Ryan Callahan.
18:49 of 1st period - Shot Misses the Net.
18:51 of 1st period - Shot by Paul Byron.
18:51 of 1st period - Shot Misses the Net.
18:53 of 1st period - Shot by Brenden Dillon.
18:53 of 1st period - Shot Misses the Net.
19:32 of 1st period - Shot by Shea Weber.
19:32 of 1st period - Shot Blocked by Johnny Boychuck.
Goals for this period are 0 for Blackhawks vs 0 for Predators.
Shots for this period are 6 for Blackhawks vs 7 for Predators.

2nd period


0:01 of 2nd period - Bryan Little wins face-off versus Boyd Gordon in neutral zone.
0:03 of 2nd period - John Carlson is hit by R.J. Umberger.
0:05 of 2nd period - Shot by Victor Hedman.
0:05 of 2nd period - Stopped by Cam Ward without a rebound.
0:06 of 2nd period - Ryan Callahan wins face-off versus Bryan Little in Predators zone.
0:38 of 2nd period - Minor Penalty to Johnny Boychuck for Cross-checking.
0:39 of 2nd period - Tyler Johnson wins face-off versus Derek Roy in Predators zone.
0:59 of 2nd period - Icing by Steven Stamkos.
1:00 of 2nd period - Taylor Hall wins face-off versus Derek Roy in Blackhawks zone.
1:00 of 2nd period - Taylor Hall is hit by Derek Roy.
1:03 of 2nd period - Icing by Tyler Johnson.
1:04 of 2nd period - Tyler Johnson wins face-off versus Derek Roy in Blackhawks zone.
1:13 of 2nd period - Shot by Tyler Johnson.
1:13 of 2nd period - Shot Misses the Net.
1:15 of 2nd period - Shot by Taylor Hall.
1:15 of 2nd period - Stopped by Cam Ward without a rebound.
1:16 of 2nd period - Bryan Little wins face-off versus R.J. Umberger in Predators zone.
1:27 of 2nd period - Shot by Nikolaj Ehlers.
1:27 of 2nd period - Stopped by Cam Ward without a rebound.
1:28 of 2nd period - Derek Roy wins face-off versus Tyler Johnson in Predators zone.
2:09 of 2nd period - Shot by Taylor Hall.
2:09 of 2nd period - Stopped by Cam Ward without a rebound.
2:10 of 2nd period - Boyd Gordon wins face-off versus Bryan Little in Predators zone.
2:39 of 2nd period - Shot by Jamie Benn.
2:39 of 2nd period - Stopped by Cam Ward without a rebound.
2:40 of 2nd period - Brandon Dubinsky wins face-off versus Jamie Devane in Predators zone.
2:40 of 2nd period - Ryan Callahan is hit by Mika Zibanejad and loses puck.
2:48 of 2nd period - John Carlson is hit by Johnny Boychuck and loses puck.
2:54 of 2nd period - Nikolaj Ehlers is hit by Johnny Boychuck and loses puck.
2:57 of 2nd period - Shot by Nikolaj Ehlers.
2:57 of 2nd period - Stopped by Cam Ward without a rebound.
2:58 of 2nd period - Ryan Nugent-Hopkins wins face-off versus Derek Roy in Predators zone.
3:42 of 2nd period - Jamie Benn is hit by Slava Voynov and loses puck.
4:07 of 2nd period - Shot by Tyler Johnson.
4:07 of 2nd period - Shot Blocked by Slava Voynov.
4:56 of 2nd period - Ondrej Palat is hit by Mika Zibanejad and loses puck.
5:07 of 2nd period - Shot by Kyle Okposo.
5:07 of 2nd period - Deflect By Tyler Bozak.
5:07 of 2nd period - Shot Blocked by Justin Faulk.
5:11 of 2nd period - Shot by Ondrej Palat.
5:11 of 2nd period - Shot Hit the Post.
5:13 of 2nd period - Shot by Tyler Bozak.
5:13 of 2nd period - Stopped by Cory Schneider without a rebound.
5:14 of 2nd period - Steven Stamkos wins face-off versus Brandon Dubinsky in Blackhawks zone.
5:14 of 2nd period - Steven Stamkos is hit by Tuomo Ruutu.
5:23 of 2nd period - Minor Penalty to Ladislav Smid for Charging.
5:24 of 2nd period - Boyd Gordon wins face-off versus Bryan Little in Predators zone.
6:57 of 2nd period - Shot by Victor Hedman.
6:57 of 2nd period - Shot Misses the Net.
6:59 of 2nd period - Shot by John Carlson.
6:59 of 2nd period - Goal by John Carlson - Blackhawks : 1 - Predators : 0.
7:00 of 2nd period - Kyle Okposo wins face-off versus Jamie Devane in neutral zone.
7:10 of 2nd period - Shea Weber is hit by Ondrej Palat.
7:11 of 2nd period - Off-side.
7:12 of 2nd period - Brandon Dubinsky wins face-off versus Ryan Nugent-Hopkins in neutral zone.
7:43 of 2nd period - Icing by Ladislav Smid.
7:44 of 2nd period - Brandon Dubinsky wins face-off versus Bryan Little in Predators zone.
8:11 of 2nd period - Shot by Tyler Johnson.
8:11 of 2nd period - Shot Misses the Net.
8:49 of 2nd period - Shot by Kyle Okposo.
8:49 of 2nd period - Stopped by Cory Schneider without a rebound.
8:50 of 2nd period - Nikolaj Ehlers wins face-off versus Derek Roy in Blackhawks zone.
8:55 of 2nd period - R.J. Umberger is hit by Steven Stamkos and loses puck.
9:07 of 2nd period - Off-side.
9:08 of 2nd period - Ryan Nugent-Hopkins wins face-off versus Brandon Dubinsky in neutral zone.
9:21 of 2nd period - Shot by John Carlson.
9:21 of 2nd period - Stopped by Cam Ward without a rebound.
9:21 of 2nd period - Minor Penalty to Slava Voynov for Goalie Interference.
9:22 of 2nd period - Taylor Hall wins face-off versus Derek Roy in Predators zone.
9:27 of 2nd period - Shot by Taylor Hall.
9:27 of 2nd period - Stopped by Cam Ward without a rebound.
9:28 of 2nd period - Derek Roy wins face-off versus Bryan Little in Predators zone.
10:09 of 2nd period - Shot by Victor Hedman.
10:09 of 2nd period - Shot Misses the Net.
10:26 of 2nd period - Icing by Steven Stamkos.
10:27 of 2nd period - Tyler Johnson wins face-off versus Boyd Gordon in Blackhawks zone.
10:27 of 2nd period - Shea Weber is hit by R.J. Umberger and loses puck.
10:43 of 2nd period - Steven Stamkos is hit by R.J. Umberger and loses puck.
10:54 of 2nd period - Shot by Brenden Dillon.
10:54 of 2nd period - Goal by Brenden Dillon - Blackhawks : 1 - Predators : 1.
10:55 of 2nd period - Derek Roy wins face-off versus Bryan Little in neutral zone.
10:55 of 2nd period - Derek Roy is hit by Bryan Little.
11:27 of 2nd period - Shot by Nikolaj Ehlers.
11:27 of 2nd period - Deflect By Mika Zibanejad.
11:27 of 2nd period - Stopped by Cam Ward without a rebound.
11:28 of 2nd period - Brandon Dubinsky wins face-off versus Bryan Little in Predators zone.
12:13 of 2nd period - Shot by Brenden Dillon.
12:13 of 2nd period - Stopped by Cory Schneider without a rebound.
12:14 of 2nd period - Ryan Nugent-Hopkins wins face-off versus Tyler Bozak in Blackhawks zone.
12:14 of 2nd period - Ryan Nugent-Hopkins is hit by Ondrej Palat.
12:31 of 2nd period - Martin Havlat is hit by Johnny Boychuck and loses puck.
12:42 of 2nd period - Shot by Martin Havlat.
12:42 of 2nd period - Shot Misses the Net.
12:46 of 2nd period - Shot by Jamie Benn.
12:46 of 2nd period - Deflect By Martin Havlat.
12:46 of 2nd period - Stopped by Cam Ward without a rebound.
12:47 of 2nd period - Steven Stamkos wins face-off versus Derek Roy in Predators zone.
12:48 of 2nd period - Shot by Taylor Hall.
12:48 of 2nd period - Stopped by Cam Ward with a rebound.
12:57 of 2nd period - Icing by John Carlson.
12:58 of 2nd period - Taylor Hall wins face-off versus Ryan Callahan in Blackhawks zone.
12:58 of 2nd period - Taylor Hall is hit by Brandon Dubinsky.
13:20 of 2nd period - Shot by Ryan Callahan.
13:20 of 2nd period - Shot Misses the Net.
13:34 of 2nd period - Shot by Taylor Hall.
13:34 of 2nd period - Stopped by Cam Ward without a rebound.
13:35 of 2nd period - Ryan Nugent-Hopkins wins face-off versus Tyler Bozak in Predators zone.
13:50 of 2nd period - Shot by Ondrej Palat.
13:50 of 2nd period - Stopped by Cory Schneider without a rebound.
13:51 of 2nd period - Derek Roy wins face-off versus Bryan Little in Blackhawks zone.
14:08 of 2nd period - Shot by Tyler Johnson.
14:08 of 2nd period - Shot Blocked by Kevan Miller.
14:24 of 2nd period - Shot by Patrick Eaves.
14:24 of 2nd period - Shot Blocked by Derek Forbort.
14:26 of 2nd period - Shot by R.J. Umberger.
14:26 of 2nd period - Stopped by Cory Schneider without a rebound.
14:27 of 2nd period - Steven Stamkos wins face-off versus Tyler Bozak in Blackhawks zone.
14:27 of 2nd period - Steven Stamkos is hit by Slava Voynov.
14:38 of 2nd period - Shea Weber is hit by Ondrej Palat and loses puck.
15:10 of 2nd period - Icing by Johnny Boychuck.
15:11 of 2nd period - Tyler Bozak wins face-off versus Ryan Nugent-Hopkins in Predators zone.
15:38 of 2nd period - Minor Penalty to Tuomo Ruutu for Tripping.
15:39 of 2nd period - Derek Roy wins face-off versus Tyler Johnson in Predators zone.
15:54 of 2nd period - Shot by Taylor Hall.
15:54 of 2nd period - Shot Misses the Net.
15:56 of 2nd period - Shot by Victor Hedman.
15:56 of 2nd period - Shot Misses the Net.
15:58 of 2nd period - Shot by Tyler Johnson.
15:58 of 2nd period - Shot Misses the Net.
16:00 of 2nd period - Shot by Taylor Hall.
16:00 of 2nd period - Stopped by Cam Ward with a rebound.
16:40 of 2nd period - Shot by Bryan Little.
16:40 of 2nd period - Shot Misses the Net.
16:49 of 2nd period - Off-side.
16:50 of 2nd period - Derek Roy wins face-off versus Bryan Little in neutral zone.
18:15 of 2nd period - Icing by Justin Faulk.
18:16 of 2nd period - Tyler Bozak wins face-off versus Steven Stamkos in Blackhawks zone.
18:21 of 2nd period - Shot by Kyle Okposo.
18:21 of 2nd period - Stopped by Cory Schneider without a rebound.
18:22 of 2nd period - Ryan Nugent-Hopkins wins face-off versus Patrick Eaves in Blackhawks zone.
18:24 of 2nd period - Icing by Shea Weber.
18:25 of 2nd period - Ryan Nugent-Hopkins wins face-off versus Derek Roy in Blackhawks zone.
18:25 of 2nd period - Ryan Nugent-Hopkins is hit by Derek Roy.
18:45 of 2nd period - Shot by Jamie Benn.
18:45 of 2nd period - Stopped by Cam Ward without a rebound.
18:46 of 2nd period - Steven Stamkos wins face-off versus Paul Byron in Predators zone.
19:19 of 2nd period - Shot by Nikolaj Ehlers.
19:19 of 2nd period - Shot Misses the Net.
19:21 of 2nd period - Shot by Steven Stamkos.
19:21 of 2nd period - Shot Misses the Net.
19:35 of 2nd period - Minor Penalty to Brett Skinner for High sticking.
19:36 of 2nd period - Tyler Bozak wins face-off versus Taylor Hall in Blackhawks zone.
19:36 of 2nd period - Kyle Okposo is hit by Justin Faulk and loses puck.
19:52 of 2nd period - Shot by Tyler Bozak.
19:52 of 2nd period - Shot Misses the Net.
19:54 of 2nd period - Shot by Kevan Miller.
19:54 of 2nd period - Shot Misses the Net.
19:56 of 2nd period - Shot by Kevan Miller.
19:56 of 2nd period - Stopped by Cory Schneider without a rebound.
19:57 of 2nd period - Derek Roy wins face-off versus Martin Havlat in Blackhawks zone.
Goals for this period are 1 for Blackhawks vs 1 for Predators.
Shots for this period are 15 for Blackhawks vs 8 for Predators.

3rd period


0:01 of 3rd period - Derek Roy wins face-off versus Taylor Hall in neutral zone.
0:18 of 3rd period - Shot by Derek Roy.
0:18 of 3rd period - Stopped by Cory Schneider without a rebound.
0:19 of 3rd period - Tyler Bozak wins face-off versus Taylor Hall in Blackhawks zone.
0:44 of 3rd period - Shot by Kyle Okposo.
0:44 of 3rd period - Shot Blocked by Victor Hedman.
0:46 of 3rd period - Shot by Kevan Miller.
0:46 of 3rd period - Shot Blocked by Victor Hedman.
1:17 of 3rd period - Off-side.
1:18 of 3rd period - Derek Roy wins face-off versus Taylor Hall in neutral zone.
1:29 of 3rd period - Icing by Derek Roy.
1:30 of 3rd period - Taylor Hall wins face-off versus Derek Roy in Predators zone.
1:30 of 3rd period - Taylor Hall is hit by Brenden Dillon.
1:49 of 3rd period - Icing by Jamie Benn.
1:50 of 3rd period - Derek Roy wins face-off versus Ryan Nugent-Hopkins in Blackhawks zone.
2:04 of 3rd period - Ryan Nugent-Hopkins is hit by Derek Roy and loses puck.
2:14 of 3rd period - Icing by Derek Roy.
2:15 of 3rd period - Bryan Little wins face-off versus Derek Roy in Predators zone.
3:10 of 3rd period - Tyler Bozak is hit by Mika Zibanejad and loses puck.
3:23 of 3rd period - Shot by Tyler Bozak.
3:23 of 3rd period - Goal by Tyler Bozak - Blackhawks : 1 - Predators : 2.
3:24 of 3rd period - Steven Stamkos wins face-off versus Brandon Dubinsky in neutral zone.
4:48 of 3rd period - Ryan Callahan is hit by Jamie Benn and loses puck.
5:01 of 3rd period - Jamie Benn is hit by Brandon Dubinsky.
5:02 of 3rd period - Icing by Jamie Benn.
5:03 of 3rd period - Tyler Bozak wins face-off versus Ryan Nugent-Hopkins in Blackhawks zone.
5:04 of 3rd period - Shot by Ondrej Palat.
5:04 of 3rd period - Stopped by Cory Schneider without a rebound.
5:05 of 3rd period - Bryan Little wins face-off versus Tyler Bozak in Blackhawks zone.
5:22 of 3rd period - Shot by Tyler Bozak.
5:22 of 3rd period - Shot Misses the Net.
5:48 of 3rd period - Icing by Johnny Boychuck.
5:49 of 3rd period - Nikolaj Ehlers wins face-off versus Tyler Bozak in Predators zone.
5:54 of 3rd period - Shot by Taylor Hall.
5:54 of 3rd period - Stopped by Cam Ward with a rebound.
6:04 of 3rd period - Shot by Taylor Hall.
6:04 of 3rd period - Shot Misses the Net.
6:20 of 3rd period - Shot by Steven Stamkos.
6:20 of 3rd period - Stopped by Cam Ward without a rebound.
6:21 of 3rd period - Derek Roy wins face-off versus Martin Havlat in Predators zone.
6:40 of 3rd period - Shot by R.J. Umberger.
6:40 of 3rd period - Shot Misses the Net.
6:42 of 3rd period - Shot by Brenden Dillon.
6:42 of 3rd period - Stopped by Cory Schneider without a rebound.
6:43 of 3rd period - Boyd Gordon wins face-off versus Bryan Little in Blackhawks zone.
7:16 of 3rd period - Shot by Kevan Miller.
7:16 of 3rd period - Shot Blocked by Victor Hedman.
7:42 of 3rd period - Derek Forbort is hit by Paul Byron and loses puck.
7:59 of 3rd period - Shot by R.J. Umberger.
7:59 of 3rd period - Stopped by Cory Schneider without a rebound.
8:00 of 3rd period - Ryan Nugent-Hopkins wins face-off versus Brandon Dubinsky in Blackhawks zone.
8:00 of 3rd period - Ryan Nugent-Hopkins is hit by Brandon Dubinsky.
8:14 of 3rd period - Shot by Brandon Dubinsky.
8:14 of 3rd period - Shot Misses the Net.
8:22 of 3rd period - Shot by Brandon Dubinsky.
8:22 of 3rd period - Shot Misses the Net.
8:26 of 3rd period - Shot by Ryan Callahan.
8:26 of 3rd period - Stopped by Cory Schneider without a rebound.
8:27 of 3rd period - Derek Roy wins face-off versus Steven Stamkos in Blackhawks zone.
9:00 of 3rd period - Shot by Taylor Hall.
9:00 of 3rd period - Shot Misses the Net.
9:04 of 3rd period - Shot by Steven Stamkos.
9:04 of 3rd period - Shot Misses the Net.
9:10 of 3rd period - Shot by Taylor Hall.
9:10 of 3rd period - Shot Misses the Net.
9:44 of 3rd period - Shot by Ondrej Palat.
9:44 of 3rd period - Shot Misses the Net.
9:48 of 3rd period - Shot by Ondrej Palat.
9:48 of 3rd period - Shot Misses the Net.
9:56 of 3rd period - Shot by Ondrej Palat.
9:56 of 3rd period - Shot Misses the Net.
10:02 of 3rd period - Shot by Tyler Bozak.
10:02 of 3rd period - Stopped by Cory Schneider without a rebound.
10:03 of 3rd period - Brandon Dubinsky wins face-off versus Bryan Little in Blackhawks zone.
10:38 of 3rd period - Shot by Ryan Callahan.
10:38 of 3rd period - Shot Misses the Net.
10:40 of 3rd period - Shot by Tuomo Ruutu.
10:40 of 3rd period - Stopped by Cory Schneider without a rebound.
10:41 of 3rd period - Tyler Bozak wins face-off versus Steven Stamkos in Blackhawks zone.
11:07 of 3rd period - Shot by Taylor Hall.
11:07 of 3rd period - Stopped by Cam Ward without a rebound.
11:08 of 3rd period - Ryan Nugent-Hopkins wins face-off versus Derek Roy in Predators zone.
11:43 of 3rd period - Shot by Martin Havlat.
11:43 of 3rd period - Stopped by Cam Ward without a rebound.
11:44 of 3rd period - Tyler Bozak wins face-off versus Steven Stamkos in Predators zone.
11:44 of 3rd period - Tyler Bozak is hit by Nikolaj Ehlers.
11:54 of 3rd period - Shot by Tyler Bozak.
11:54 of 3rd period - Shot Misses the Net.
12:03 of 3rd period - Ondrej Palat is hit by Justin Faulk and loses puck.
12:44 of 3rd period - Shot by Ryan Callahan.
12:44 of 3rd period - Shot Misses the Net.
13:17 of 3rd period - Shea Weber is hit by Tuomo Ruutu and loses puck.
13:26 of 3rd period - Martin Havlat is hit by Tuomo Ruutu and loses puck.
13:54 of 3rd period - Patrick Eaves is hit by Victor Hedman and loses puck.
14:41 of 3rd period - Boyd Gordon is hit by Shea Weber and loses puck.
15:43 of 3rd period - Slava Voynov is hit by Justin Faulk and loses puck.
16:00 of 3rd period - Off-side.
16:01 of 3rd period - Steven Stamkos wins face-off versus Tyler Bozak in neutral zone.
16:16 of 3rd period - Shot by Ladislav Smid.
16:16 of 3rd period - Shot Misses the Net.
16:22 of 3rd period - Shot by Ondrej Palat.
16:22 of 3rd period - Goal by Ondrej Palat - Blackhawks : 1 - Predators : 3.
16:23 of 3rd period - Bryan Little wins face-off versus Brandon Dubinsky in neutral zone.
16:44 of 3rd period - Shot by Bryan Little.
16:44 of 3rd period - Shot Misses the Net.
17:06 of 3rd period - Brenden Dillon is hit by Mika Zibanejad and loses puck.
17:21 of 3rd period - Icing by Brenden Dillon.
17:22 of 3rd period - Steven Stamkos wins face-off versus Brandon Dubinsky in Predators zone.
17:25 of 3rd period - Shot by Steven Stamkos.
17:25 of 3rd period - Deflect By Taylor Hall.
17:25 of 3rd period - Shot Misses the Net.
17:27 of 3rd period - Shot by Steven Stamkos.
17:27 of 3rd period - Stopped by Cam Ward without a rebound.
17:28 of 3rd period - Ryan Nugent-Hopkins wins face-off versus Derek Roy in Predators zone.
18:17 of 3rd period - Icing by Victor Hedman.
18:18 of 3rd period - Ryan Nugent-Hopkins wins face-off versus Tyler Bozak in Blackhawks zone.
18:18 of 3rd period - Ryan Nugent-Hopkins is hit by Ondrej Palat.
18:26 of 3rd period - Shot by Ondrej Palat.
18:26 of 3rd period - Shot Misses the Net.
18:28 of 3rd period - Shot by Ondrej Palat.
18:28 of 3rd period - Shot Misses the Net.
18:30 of 3rd period - Shot by Tyler Bozak.
18:30 of 3rd period - Stopped by Cory Schneider without a rebound.
18:31 of 3rd period - Bryan Little wins face-off versus Brandon Dubinsky in Blackhawks zone.
18:42 of 3rd period - Tuomo Ruutu is hit by Bryan Little and loses puck.
18:51 of 3rd period - Shot by Brandon Dubinsky.
18:51 of 3rd period - Stopped by Cory Schneider without a rebound.
18:52 of 3rd period - Tyler Bozak wins face-off versus Steven Stamkos in Blackhawks zone.
18:54 of 3rd period - Kyle Okposo is hit by Justin Faulk and loses puck.
19:04 of 3rd period - Kyle Okposo is hit by Justin Faulk and loses puck.
19:35 of 3rd period - Shot by Taylor Hall.
19:35 of 3rd period - Shot Misses the Net.
19:43 of 3rd period - Johnny Boychuck is hit by Steven Stamkos and loses puck.
Goals for this period are 0 for Blackhawks vs 2 for Predators.
Shots for this period are 5 for Blackhawks vs 11 for Predators.